 Dungeon Crawl Stone Soup version 0.18-a0-455-gc7d4c65 (webtiles) character file.

13 Korkiloff the Vexing (level 2, -1/24 HPs)
             Began as a Gargoyle Arcane Marksman on Dec 1, 2015.
             Slain by an adder (2 damage)
             ... on level 2 of the Dungeon.
             The game lasted 00:04:19 (833 turns).

Korkiloff the Vexing (Gargoyle Arcane Marksman)      Turns: 833, Time: 00:04:19

Health: -1/24      AC: 21    Str: 14    XL:     2   Next: 37%
Magic:  0/3        EV:  2    Int: 18    God:
Gold:   62         SH:  0    Dex:  9    Spells: 2 memorised, 0 levels left

rFire  + . .     SeeInvis .     a - +0 hand crossbow
rCold  + . .     Clarity  .     (armour currently unavailable)
rNeg   + + +     SustAt   .     (no shield)
rPois  ∞         Gourm    .     (helmet currently unavailable)
rElec  +         Spirit   .     (cloak currently unavailable)
rCorr  +         Dsmss    .     (gloves currently unavailable)
rMut   .         NoTele   +     (boots currently unavailable)
MR     .....                    (no amulet)
Stlth  +.........               (no ring)
                                (no ring)

@: brilliant, tree-form, resistant, not resistant to hostile enchantments, very
unstealthy
A: negative energy resistance 1, (electricity resistance), (unbreathing),
petrification resistance, rot immunity, AC +2
a: no special abilities


You were on level 2 of the Dungeon.
You were not hungry.
You were a tree.
You visited 1 branch of the dungeon, and saw 2 of its levels.

You collected 62 gold pieces.

Inventory:

Hand Weapons
 a - a +0 hand crossbow (weapon)
 n - a +0 mace
Missiles
 d - 33 bolts (quivered)
 j - 7 needles of frenzy
 l - 22 arrows of frost
 o - 11 poisoned needles
Armour
 b - a +0 robe (melded)
Scrolls
 f - a scroll of identify {unknown}
 g - a scroll of fear {unknown}
 h - a scroll of remove curse {unknown}
Potions
 i - a potion of resistance
Books
 c - a book of Debilitation

   Spells                             Type                      Level
   a - Corona                         Hexes                        1
   b - Slow                           Hexes                        2
   c - Gell's Gravitas                Hexes/Translocation          3
   d - Inner Flame                    Hexes/Fire                   3
   e - Cause Fear                     Hexes                        4
   f - Leda's Liquefaction            Hexes/Earth                  4
Comestibles
 e - 2 bread rations
 m - a chunk of flesh


   Skills:
 + Level 1.1 Fighting
 + Level 2.0 Crossbows
 + Level 1.7 Dodging
 + Level 1.1 Spellcasting
 + Level 3.1 Hexes


You couldn't memorise any spells.
You knew the following spells:

 Your Spells              Type           Power        Failure   Level  Hunger
a - Corona                Hex            ###....      1%          1    ##.....
b - Slow                  Hex            ###.....     1%          2    ###....


Dungeon Overview and Level Annotations

Branches:
Dungeon (2/15)

Altars:


Innate Abilities, Weirdness & Mutations

You are resistant to torment.
((Your stone body is resilient (AC +2).))
You are immune to poison.
You resist negative energy.
((You are resistant to electric shocks.))
((You can survive without breathing.))
You are immune to petrification.
You are immune to rotting.


Message History

You feel protected. The adder misses you.
Drink which item? (? for menu, Esc to quit)
It was a potion of lignification.
You turn into a tree.
Your +0 robe melds into your body.
Your roots penetrate the ground.
The adder bites you but does no damage. The adder bites you.
* * * LOW HITPOINT WARNING * * *
Drink which item? (? for menu, Esc to quit)
It was a potion of brilliance.
You feel clever all of a sudden. The adder bites you.
* * * LOW HITPOINT WARNING * * *
You cannot move.
Firing (i - inventory):
d - 34 bolts (quivered)
Press: ? - help, Shift-Dir - straight line, f/p - adder
Aim: an adder (moderately wounded)
You shoot a bolt. The bolt hits the adder.
The adder is heavily wounded.
The adder bites you.
You die...

## ### .##....
...#?####...#
.......♣S(#
####.####.......
##..... .... ###


You could see an adder.

Vanquished Creatures
  A giant gecko (D:1)
  A goblin (D:1)
  2 hobgoblins (D:1)
  2 bats (D:1)
  6 kobolds (D:1)
  A rat (D:1)
13 creatures vanquished.

Notes
Turn   | Place    | Note
--------------------------------------------------------------
     0 | D:1      | Korkiloff the Gargoyle Arcane Marksman began the quest for the Orb.
     0 | D:1      | Reached XP level 1. HP: 12/12 MP: 2/2
   285 | D:1      | Reached skill level 3 in Hexes
   361 | D:1      | Reached XP level 2. HP: 16/16 MP: 0/3
   368 | D:1      | Learned a level 2 spell: Slow
   832 | D:2      | HP: 1/24 [adder (1)]
   833 | D:2      | Slain by an adder

Vault maps used:
D:1:      dpeg_arrival_snail

Action                   || total
-------------------------++-------
 Fire: Hand crossbow     ||    30
 Cast: Corona            ||    14
       Slow              ||     2
  Use: Potion            ||     3
